 Seeded DCSS version 0.30-a0-965-g42e074c17a (webtiles) character file.

Game seed: 20230327 (custom seed)

13635 Juicyj the Fighter (level 11, -3/153 HPs)
             Began as a Minotaur Fighter on Mar 30, 2023.
             Was an Initiate of Gozag.
             Slain by Snorg (6 damage)
             ... on level 10 of the Dungeon.
             The game lasted 00:16:10 (8789 turns).

Juicyj the Fighter (Minotaur Fighter)               Turns: 8789, Time: 00:16:14

Health: -3/153     AC: 29    Str: 23    XL:     11   Next: 78%
Magic:  10/10      EV:  8    Int:  0    God:    Gozag
Gold:   1124       SH:  7    Dex: 12    Spells: 10/10 levels left

rFire   . . .      SeeInvis .    g - +1 eveningstar (drain)
rCold   . . .      Faith    .    c - +1 buckler
rNeg    . . .      Spirit   .    w - +18 Lear's hauberk
rPois   .          Reflect  .    (helmet currently unavailable)
rElec   .          Rampage  .    (no cloak)
rCorr   +          Rage     50%  (gloves currently unavailable)
Will    ++...                    (boots currently unavailable) Stlth
                                 F - necklace of Bloodlust {Fury *Rage Will++ Int-3 Slay+6}
HPRegen 0.45/turn                I - ring of resist corrosion
MPRegen 0.12/turn                (no ring)

@: berserking, slowed, lost intelligence, unable to read
A: horns 2, retaliatory headbutt, thin skeletal structure 1, dopey 1, weak 1
a: Renounce Religion, Potion Petition, Call Merchant, Bribe Branch


You were on level 10 of the Dungeon.
You worshipped Gozag.
Gozag was most pleased with you.
You visited 2 branches of the dungeon, and saw 11 of its levels.
You also visited: Ossuary.

You collected 1680 gold pieces.
You spent 498 gold pieces at shops.
You paid 58 gold pieces to Gozag.

Inventory:

Hand Weapons
 a - a +0 flail of chaos
 g - a +1 eveningstar of draining (weapon)
 D - the +5 flail of the Evening {spect, rF++}
   (You found it on level 6 of the Dungeon)

   rF:        It greatly protects you from fire.
Missiles
 J - 2 throwing nets (quivered)
 K - 9 poisoned darts
 L - 11 javelins
Armour
 b - a +0 scale mail
 c - a +1 buckler (worn)
 w - the +18 Lear's hauberk (worn)
   (You found it on level 4 of the Dungeon)
Jewellery
 j - a ring of fire
 r - a ring of ice
 F - the necklace of Bloodlust (around neck) {Fury *Rage Will++ Int-3 Slay+6}
   (You bought it in a shop on level 1 of the Dungeon)

   [amulet of nothing]

   Fury:      It extends the wearer's berserk rage when killing foes.
   Int:       It affects your intelligence (-3).
   Slay:      It affects your accuracy & damage with ranged weapons and melee
   (+6).
   *Rage:     It berserks you when you make melee attacks (+50% chance).
   Will:      It greatly increases your willpower.
 I - a ring of resist corrosion (left hand)
Wands
 f - a wand of flame (9)
 E - a wand of paralysis (16)
Scrolls
 h - 5 scrolls of enchant armour
 k - 2 scrolls of immolation
 l - 2 scrolls of blinking
 p - 2 scrolls of fog
 q - 4 scrolls of magic mapping
 s - 2 scrolls of poison
 v - 4 scrolls of torment
 x - 3 scrolls of amnesia
 y - 2 scrolls of teleportation
 H - a scroll of fear
 M - a scroll of identify
 N - a scroll of enchant weapon {unknown}
Potions
 d - 4 potions of might
 e - 7 potions of curing
 i - 4 potions of degeneration
 m - 4 potions of brilliance
 n - 2 potions of lignification
 o - a potion of flight
 t - a potion of heal wounds
 u - 4 potions of berserk rage
 z - a potion of cancellation
 A - a potion of haste
 B - 2 potions of resistance
 C - a potion of ambrosia
 G - 2 potions of attraction


   Skills:
 + Level 11.0 Fighting
 + Level 10.6 Maces & Flails
 + Level 8.4 Throwing
 + Level 10.9 Armour
 + Level 11.0 Shields


You had 10 spell levels left.
You didn't know any spells.
Your spell library contained the following spells:

 Spells                   Type           Power      Damage    Failure   Level
 Foxfire                  Conj/Fire      0%         2x1d2     99%         1
 Sting                    Tmut/Pois      0%         1d3       99%         1
 Poisonous Vapours        Pois/Air       0%         N/A       100%        2
 Kindle Blastsparks       Fire/Tloc/Air  0%         2d10      100%        3
 Fulminant Prism          Conj/Hex       0%         3d5       100%        4
 Iskenderun's Mystic Bla  Conj/Tloc      0%         2d3       100%        4
 Olgreb's Toxic Radiance  Pois           0%         N/A       100%        4
 Fireball                 Conj/Fire      0%         3d3       100%        5
 Freezing Cloud           Conj/Ice/Air   0%         6-21      100%        5
 Lee's Rapid Deconstruct  Erth           0%         3d4*      100%        5
 Starburst                Conj/Fire      0%         6d3       100%        6
 Borgnjor's Revivificati  Necr           0%         N/A       100%        8
 Necromutation            Tmut/Necr      0%         N/A       100%        8
 Chain Lightning          Conj/Air       0%         N/A       100%        9
 Death's Door             Necr           0%         N/A       100%        9
 Fire Storm               Conj/Fire      0%         5d1       100%        9
 Polar Vortex             Ice            0%         N/A       100%        9
 Shatter                  Erth           0%         3d5*      100%        9
 Simulacrum               Ice/Necr       Unusable   N/A       N/A         6

Dungeon Overview and Level Annotations

Branches:
Dungeon (10/15)            Temple (1/1) D:5             Orc (0/2) D:9
Ossuary (visited)
   Lair: D:8-11

Altars:
Ashenzari
Cheibriados
Dithmenos
Elyvilon
Fedhas
Gozag
Hepliaklqana
Kikubaaqudgha
Makhleb
Okawaru
Qazlal
Ru
Sif Muna
Trog
Uskayaw
Vehumet
Xom
Yredelemnul
Zin
The Shining One

Shops:
D:1 *=:*=

Annotations:
D:10 Snorg


Innate Abilities, Weirdness & Mutations

You have a pair of horns on your head.
You reflexively headbutt those who attack you in melee.
You have a somewhat thin skeletal structure. (Dex +2, Stealth+)
You are dopey. (Int -2)
You are weak. (Str -2)


Message History

Lodul hits you with a +0 dire flail!
Snorg is distracted by your dazzling golden aura.
You completely miss Lodul.
Snorg shouts!
Your headbutt misses Lodul.
Lodul is almost dead.
Lodul is distracted by your dazzling golden aura.
You catch the helpless Lodul completely off-guard!
You puncture Lodul!
The necklace of Bloodlust glows a violent red.
You kill Lodul!
Snorg is no longer distracted by gold.
Snorg bites you! Snorg claws you. Snorg claws you but does no damage.
Snorg bites you but does no damage. Snorg barely misses you.
Snorg claws you but does no damage.
Your Fighting skill increases to level 11!
Your Shields skill increases to level 11!
You are too injured to fight recklessly!
You are too injured to fight recklessly!
You barely miss Snorg. Snorg bites you! You block Snorg's attack.
Snorg claws you!
* * * LOW HITPOINT WARNING * * *
You impale Snorg!! You drain Snorg.
Snorg is moderately wounded.
Snorg bites you but does no damage. Snorg claws you!
* * * LOW HITPOINT WARNING * * *
Snorg claws you but does no damage. Snorg bites you!
* * * LOW HITPOINT WARNING * * *
Snorg claws you but does no damage. x2
You puncture Snorg!
Snorg is moderately wounded.
You block Snorg's attack. Snorg claws you!
* * * LOW HITPOINT WARNING * * *
Snorg closely misses you.
You closely miss Snorg. You headbutt Snorg!!
Snorg is heavily wounded.
Snorg bites you.
* * * LOW HITPOINT WARNING * * *
Snorg claws you.
You die...
Your body crumbles into a pile of gold.

#...### #............#
#...###
#............#####....##
#.......................
#......................
#.....................
#....................
#.$T$...............
#$@................
##................)
##..............))
##..........#####
##.........# #
##........# # ##.......#
# ##......#####
##..........


You could see Snorg (berserk, drained).

Vanquished Creatures
  Erica (D:8)
  2 two-headed ogres
  A centaur warrior (D:10)
  Urug (D:10)
  The ghost of DeathPants the Cleaver, a novice MiFi (D:7)
  Lodul (D:10)
  Pikel (D:4)
  An ugly thing (D:10)
  A komodo dragon (D:10)
  A troll (D:9)
  2 hornets (D:8)
  Sigmund (D:5)
  A shadow (D:9)
  9 yaks
  Eustachio (D:4)
  A steam dragon (D:7)
  Menkaure (D:5)
  An acid dragon (D:8)
  Duvessa (D:4)
  A water moccasin (D:9)
  An ice beast (D:6)
  3 orc warriors
  3 centaurs
  7 ogres
  A phantom (D:5)
  2 kobold brigands
  Blork the orc (D:5)
  4 bullfrogs
  4 wyvern zombies
  5 scorpions
  13 wights
  Dowan (D:4)
  11 killer bees
  A howler monkey (D:6)
  8 electric eels
  7 bullfrog zombies (Ossuary)
  9 centaur zombies
  A hound (D:5)
  5 jellies
  7 orc priests
  A gnoll bouda (D:9)
  2 iguanas
  A sleepcap (D:7)
  5 orc wizards
  Natasha (thrice) (D:4)
  A statue (D:9)
  8 killer bee zombies
  13 mummies
  9 howler monkey zombies
  8 adders
  4 gnolls (D:9)
  3 white imps
  A worm (D:2)
  2 dart slugs
  17 orcs
  4 ball pythons
  6 bats
  4 endoplasms
  5 giant cockroaches
  9 goblins
  6 hobgoblins
  2 jackals (D:2)
  2 quokkas
  3 frilled lizards
  13 kobolds
  4 rats
260 creatures vanquished.

Vanquished Creatures (others)
  4 plants (D:6)
  9 withered plants
13 creatures vanquished.

Grand Total: 273 creatures vanquished

Notes
Turn   | Place    | Note
-------+----------+-------------------------------------------
     0 | D:1      | Juicyj the Minotaur Fighter began the quest for the Orb.
     0 | D:1      | Reached XP level 1. HP: 19/19 MP: 0/0
     4 | D:1      | Found Xoclunid's Book Emporium.
    30 | D:1      | Found Aqium's General Store.
   121 | D:1      | Found Wostryiz's General Store.
   179 | D:1      | Reached XP level 2. HP: 27/27 MP: 1/1
   194 | D:1      | Found a faded altar of an unknown god.
   265 | D:1      | Found Muif's Jewellery Shop.
   552 | D:1      | Found Uvvotic's Jewellery Boutique.
   570 | D:1      | Reached XP level 3. HP: 33/33 MP: 2/2
   948 | D:2      | You fall into a shaft and drop 1 floor!
  1116 | D:2      | Found a white marble altar of Elyvilon.
  1632 | D:3      | Reached XP level 4. HP: 40/40 MP: 3/3
  2157 | D:4      | Noticed Duvessa
  2171 | D:4      | Killed Duvessa
  2172 | D:4      | Reached skill level 1 in Throwing
  2172 | D:4      | Reached XP level 5. HP: 19/47 MP: 4/4
  2172 | D:4      | Noticed Dowan
  2263 | D:4      | Killed Dowan
  2349 | D:4      | Found the +18 Lear's hauberk
  2462 | D:4      | Found a stormy altar of Qazlal.
  2465 | D:4      | Noticed an air elemental
  2465 | D:4      | Noticed a water elemental
  2465 | D:4      | Noticed a fire elemental
  2466 | D:4      | Noticed a lemure
  2466 | D:4      | Noticed a lemure
  2467 | D:4      | Noticed Pikel
  2470 | D:4      | Noticed a lemure
  2472 | D:4      | Noticed a lemure
  2480 | D:4      | Killed Pikel
  2481 | D:4      | Reached skill level 5 in Fighting
  2481 | D:4      | Reached skill level 5 in Maces & Flails
  2481 | D:4      | Reached skill level 5 in Armour
  2481 | D:4      | Reached skill level 5 in Shields
  2481 | D:4      | Reached XP level 6. HP: 37/57 MP: 5/5
  2481 | D:4      | Reached XP level 7. HP: 40/62 MP: 6/6
  2517 | D:4      | Found a sand-covered staircase.
  2527 | Ossuary  | Entered an ossuary
  2626 | Ossuary  | Reached XP level 8. HP: 69/70 MP: 7/7
  3086 | D:4      | Noticed Eustachio
  3096 | D:4      | Killed Eustachio
  3124 | D:4      | Noticed Natasha
  3137 | D:4      | Killed Natasha
  3147 | D:4      | Noticed Natasha
  3152 | D:4      | Killed Natasha
  3381 | D:4      | Noticed Natasha
  3385 | D:4      | Killed Natasha
  3436 | D:5      | Entered Level 5 of the Dungeon
  3469 | D:5      | Reached XP level 9. HP: 79/79 MP: 8/8
  3471 | D:5      | Found a staircase to the Ecumenical Temple.
  3481 | Temple   | Entered the Ecumenical Temple
  3644 | Temple   | Became a worshipper of Gozag Ym Sagoz the Greedy
  3683 | D:5      | Noticed Menkaure
  3686 | D:5      | Killed Menkaure
  3830 | D:5      | Found a shimmering altar of Xom.
  3830 | D:5      | Found a shimmering altar of Xom.
  3831 | D:5      | Found a shimmering altar of Xom.
  3872 | D:5      | Reached skill level 5 in Throwing
  3921 | D:5      | Noticed Blork the orc
  3930 | D:5      | Killed Blork the orc
  3949 | D:5      | Noticed Sigmund
  3982 | D:5      | Killed Sigmund
  4474 | D:6      | Identified the +0 flail "Jellybane" {holy, rElec rF+ Str-4
                  | Stlth+}
  5213 | D:6      | Identified the +5 flail of the Evening {spect, rF++}
  5829 | D:1      | Bought the necklace of Bloodlust {Fury *Rage Will++ Int-3
                  | Slay+6} for 498 gold pieces
  5829 | D:1      | Found the necklace of Bloodlust {Fury *Rage Will++ Int-3
                  | Slay+6}
  6098 | D:7      | Found a hide-covered altar of Uskayaw.
  6098 | D:7      | Noticed a +0 dagger
  6143 | D:7      | Reached XP level 10. HP: 90/90 MP: 9/9
  6157 | D:7      | Found a broken altar of Ashenzari.
  6186 | D:7      | Noticed a +0 dagger
  6232 | D:7      | Found a runed translucent gate.
  6232 | D:7      | Found a runed translucent gate.
  6232 | D:7      | Found a runed translucent gate.
  6232 | D:7      | Noticed DeathPants's ghost (novice MiFi)
  6234 | D:7      | Found a basalt altar of Yredelemnul.
  6252 | D:7      | Killed DeathPants's ghost
  6319 | D:7      | Found a glowing silver altar of Zin.
  6483 | D:7      | Found a hazy altar of Hepliaklqana.
  6735 | D:8      | Paralysed by a hornet for 2 turns
  6856 | D:8      | Lost intelligence.
  6856 | D:8      | Gained mutation: You are dopey. (Int -2) [potion of
                  | mutation]
  6856 | D:8      | Gained mutation: You have a somewhat thin skeletal
                  | structure. (Dex +2, Stealth+) [potion of mutation]
  6856 | D:8      | Gained mutation: You are weak. (Str -2) [potion of
                  | mutation]
  6942 | D:8      | Noticed Erica
  6946 | D:8      | Killed Erica
  6988 | D:8      | Noticed a two-headed ogre
  6991 | D:8      | Killed a two-headed ogre
  7089 | D:8      | Reached skill level 10 in Shields
  7089 | D:8      | Reached XP level 11. HP: 99/99 MP: 10/10
  7099 | D:8      | Reached skill level 10 in Fighting
  7348 | D:8      | Found an iron altar of Okawaru.
  7570 | D:8      | Reached skill level 10 in Armour
  7682 | D:9      | Noticed a two-headed ogre
  7686 | D:9      | Killed a two-headed ogre
  7858 | D:9      | Found a staircase to the Orcish Mines.
  8022 | D:9      | Reached skill level 10 in Maces & Flails
  8234 | D:9      | Found a radiant altar of Vehumet.
  8436 | D:10     | Entered Level 10 of the Dungeon
  8436 | D:10     | Noticed a brown ugly thing
  8443 | D:10     | Killed a brown ugly thing
  8473 | D:10     | Noticed Urug
  8488 | D:10     | Killed Urug
  8575 | D:10     | Noticed a centaur warrior
  8585 | D:10     | Killed a centaur warrior
  8739 | D:10     | Identified the +0 robe of Cocytus {rPois rF++ Will+ Str-3}
  8767 | D:10     | Noticed Snorg
  8768 | D:10     | Noticed Lodul
  8785 | D:10     | Killed Lodul
  8788 | D:10     | HP: 4/153 [Snorg (8)]
  8789 | D:10     | Slain by Snorg

Illustrated notes

Levels and vault maps discovered:
D:1:      doesnt_arrival_eight_statues, layout_basic, serial_shops,
          nicolae_shop_advertising_works [nicolae_subvault_shop_adworks], shop,
          nicolae_lakefront_shop, shop, shop,
          shapermc_ecumenical_altar_notcrosses
D:2:      minmay_spotlight, layout_basic, basic_altar
D:3:      layout_loops_cross, st_stairs_7
D:4:      layout_basic, nicolae_qazlal_style_of_elements,
          gup_ossuary_entry_pyramid, uniq_eustachio, uniq_natasha, uniq_pikel,
          uniq_duvessa
D:5:      layout_rooms, xom_redecorated, minmay_temple_entry_mini_moons,
          uniq_sigmund, uniq_menkaure, uniq_blork_the_orc
D:6:      cheibrodos_two_vegetables, layout_gridville
D:7:      layout_loops_ring, ashenzari_conservatory_becter,
          dancing_weapons_uskayaw, nicolae_yredelemnul_ghost_church,
          mainiacjoe_overflow_large_starburst, water_boxes_lemuel
D:8:      layout_basic, lemuel_round_altar, serial_undead, serial_undead_f,
          serial_undead_c, serial_undead_b, serial_undead_e, grunt_tough_drop,
          uniq_erica
D:9:      layout_basic, vehumet_statue, orc_0_dummy, grunt_decor_arrowhead
D:10:     layout_big_octagon, uniq_lodul, uniq_maggie, uniq_snorg, uniq_erolcha,
          uniq_urug
Temple:   oiseaux_autumnal_temple

Skill      XL: |  1  2  3  4  5  6  7  8  9 10 11 |
---------------+----------------------------------+-----
Fighting       | 4 5 6 7 8 9 11 | 11.0
Shields        | 4 5 6 7 8 10 11 | 11.0
Armour         | 4 5 6 7 8 9 10 | 10.9
Maces & Flails | 3 5 6 8 9 10 | 10.6
Throwing       | 1 3 4 6 7 8 |  8.4

Action                     |  1- 3 |  4- 6 |  7- 9 | 10-12 || total
---------------------------+-------+-------+-------+-------++-------
  Melee: Flail             |   101 |    28 |   440 |   151 ||   720
         Headbutt          |     6 |     7 |    92 |    34 ||   139
         Eveningstar       |       |       |       |    45 ||    45
  Throw: Javelin           |       |     2 |     4 |       ||     6
         Dart              |       |       |     4 |       ||     4
  Evoke: Wand              |       |       |     6 |       ||     6
    Use: Scroll            |       |       |    17 |     2 ||    19
         Potion            |       |       |     8 |     4 ||    12
   Stab: Distracted        |       |       |       |     3 ||     3
         Invisible         |       |       |       |     2 ||     2
 Armour: Scale mail        |    53 |     5 |       |       ||    58
         Chain mail        |       |    24 |   310 |   195 ||   529
  Dodge: Dodged            |    43 |    18 |   128 |    90 ||   279
  Block: Buckler           |    17 |    11 |   108 |    69 ||   205

Table legend: (Time is in decaauts)
 A = Elapsed time spent in this place.
 B = Non-inter-level travel time spent in this place.
 C = Inter-level travel time spent in this place.
 D = Time resting spent in this place.
 E = Time spent auto-exploring this place.
 F = Levels seen in this place.
 G = Mean time per level.
                   A        B        C        D        E       F      G
               +--------+--------+--------+--------+--------+-----+--------+
         Total |   9832 |   9030 |    802 |    723 |   6201 |  12 |  819.3 |
       Dungeon |   9080 |   8340 |    740 |    723 |   5862 |  10 |  908.0 |
        Temple |    201 |    139 |     62 |      0 |    127 |   1 |  201.0 |
       Ossuary |    550 |    550 |      0 |      0 |    211 |   1 |  550.0 |
               +--------+--------+--------+--------+--------+-----+--------+

Top non-repeatable levels by time:
     D:6: 1343 daAuts
     D:8: 1335 daAuts
     D:9: 1117 daAuts
     D:7: 1014 daAuts
     D:1: 907 daAuts
     D:4: 859 daAuts
     D:2: 751 daAuts
     D:5: 663 daAuts
     D:3: 594 daAuts
 Ossuary: 550 daAuts
    D:10: 494 daAuts
  Temple: 201 daAuts
